Map: Ever Dream LE

Players

Erik

  • Race: Zerg Zerg
  • Spawn Location: 1:00

JimRising - Winner!

  • Race: Zerg Zerg
  • League: Grandmaster
  • Spawn Location: 7:00

Event: DreamHack SC2 Masters 2020 Summer Latin America

VOD

Have the link to the VOD?

Description

Time

  • Played on: June 25, 2020, 3:53 p.m.
  • Length: 6:58

All games in this series

Show
View Real Time Build Order
Export as new Build Order

Erik Zerg 

Build Orders: Hatch First 

Get SALT Encoding   

  12  0:01  Drone  
  13  0:08  Drone  
  14  0:15  Drone, Extractor  
  15  0:36  Hatchery  
  15  0:41  Extractor  
  15  0:42  Drone  
  14  0:47  Overlord  
  15  1:03  Spawning Pool  
  14  1:06  Drone  
  14  1:09  Drone  
  16  1:12  Extractor  
  16  1:14  Drone  
  16  1:19  Drone  
  17  1:28  Drone  
  18  1:39  Drone  
  19  1:50  Queen x2  
  19  1:51  Drone  
  19  1:53  Drone  
  25  2:00  Overlord  
  25  2:04  Zergling x2  
  26  2:11  Metabolic Boost  
  26  2:13  Drone  
  27  2:16  Drone  
  27  2:22  Drone x2  
  30  2:34  Overlord  
  30  2:36  Drone  
  31  2:40  Baneling Nest  
  31  2:42  Drone  
  31  2:43  Drone  
  32  2:54  Drone  
  32  2:55  Drone  
  34  2:59  Drone x6  
  40  3:13  Hatchery  
  40  3:17  Overlord  
  39  3:20  Overlord  
  39  3:26  Zergling x4  
  41  3:32  Zergling x6  
  44  3:36  Zergling x8  
  44  3:37  Zergling x2  
  48  3:51  Overlord  
  48  3:53  Drone x2  
  50  3:56  Extractor  
  50  3:57  Evolution Chamber  
  50  3:58  Drone  
  49  4:03  Drone x6  
  54  4:10  Drone  
  54  4:13  Extractor  
  54  4:15  Lair  
  52  4:18  Roach Warren  
  50  4:25  Zergling x6  
  50  4:26  Baneling x2  
  53  4:33  Drone x8  
  53  4:36  Drone x2  
  57  4:49  Zerg Ground Armor Level 1  
  57  4:51  Drone  
  58  4:53  Queen  
  58  4:56  Overlord  
  60  5:03  Roach x5  
  60  5:04  Extractor  
  69  5:11  Roach x2  
  72  5:17  Drone  
  72  5:18  Drone  
  72  5:20  Roach x5  
  82  5:31  Overlord x2  
  82  5:47  Roach  
  82  5:48  Roach x3  
  82  5:52  Roach  
  82  5:53  Roach x8  
  91  6:01  Roach x2  
  82  6:08  Roach x2  
  66  6:20  Roach  
  66  6:21  Roach x3  
  64  6:28  Roach  
  60  6:35  Roach x2  
  60  6:37  Zergling x8  
  60  6:38  Zergling x2  
Show
View Real Time Build Order
Export as new Build Order

JimRising Zerg - Winner!

Build Orders: Hatch First, Roach Nydus 

Get SALT Encoding   

  12  0:01  Drone  
  13  0:12  Overlord  
  13  0:16  Drone  
  14  0:30  Drone x2  
  16  0:49  Hatchery  
  15  0:52  Drone  
  15  0:55  Drone  
  17  1:10  Spawning Pool  
  16  1:12  Drone  
  16  1:15  Drone  
  18  1:19  Drone  
  18  1:23  Extractor  
  18  1:29  Drone  
  19  1:44  Overlord  
  19  1:56  Drone, Queen  
  19  2:00  Queen  
  24  2:02  Drone x2  
  26  2:11  Drone x2  
  28  2:22  Drone x2  
  30  2:32  Queen  
  30  2:35  Overlord  
  30  2:36  Drone  
  33  2:43  Zergling x2  
  34  2:45  Overlord  
  34  2:54  Drone x2  
  36  3:04  Drone x3  
  39  3:09  Drone x4  
  39  3:10  Drone  
  44  3:17  Evolution Chamber  
  44  3:18  Drone  
  44  3:21  Roach Warren, Lair  
  44  3:22  Drone  
  44  3:30  Drone  
  44  3:31  Drone  
  46  3:34  Extractor  
  46  3:35  Extractor  
  46  3:37  Overlord  
  44  3:43  Zerg Missile Weapons Level 1  
  44  3:44  Drone x6  
  49  3:49  Evolution Chamber  
  49  3:54  Overlord  
  48  3:55  Overlord  
  48  4:01  Roach  
  50  4:04  Overlord  
  50  4:08  Roach  
  52  4:15  Evolution Chamber  
  51  4:19  Evolution Chamber  
  51  4:20  Evolution Chamber  
  51  4:21  Roach x3  
  51  4:22  Roach  
  55  4:28  Roach  
  55  4:29  Roach  
  55  4:30  Queen  
  60  4:35  Evolution Chamber  
  48  4:48  Nydus Network  
  48  4:50  Roach x2, Drone  
  53  4:58  Roach x4  
  61  5:15  Roach x2  
  65  5:25  Roach, Nydus Canal  
  65  5:26  Roach x4  
  65  5:28  Roach  
  77  5:34  Overlord  
  77  5:38  Overlord  
  77  5:43  Nydus Canal  
  77  5:54  Roach x3  
  77  5:55  Roach x3  
  81  6:08  Roach x3  
  87  6:15  Nydus Canal  
  87  6:17  Roach  
  87  6:18  Roach  
  89  6:24  Drone  
  89  6:25  Drone x3  
Tags
 
Add a new tag
Caveats
  • Supply blocks, unpowered buildings, or Contaminate may cause inaccurate times.
  • Supply counts are checked every 10 seconds.